 Dungeon Crawl Stone Soup version 0.18-a0-1577-gf591c28 (webtiles) character file.

91 4thArraOfDagon the Chopper (level 4, 0/63 HPs)
             Began as a Naga Berserker on Mar 17, 2016.
             Was a Believer of Trog.
             Slain by Prince Ribbit (6 damage)
             ... on level 5 of the Dungeon.
             The game lasted 00:02:45 (570 turns).

4thArraOfDagon the Chopper (Naga Berserker)          Turns: 570, Time: 00:02:45

Health: 0/63       AC:  6    Str: 25    XL:     4   Next: 57%
Magic:  4/4        EV:  8    Int:  8    God:    Trog [**....]
Gold:   19         SH:  0    Dex: 10    Spells: 0 memorised, 3 levels left

rFire  . . .     SeeInvis +     a - +0 hand axe
rCold  . . .     Gourm    .     h - +0 scale mail
rNeg   . . .     Faith    .     (no shield)
rPois  +         Spirit   .     i - +0 helmet
rElec  .         Dismiss  .     (no cloak)
rCorr  .         Reflect  .     (no gloves)
SustAt .         Harm     .     (no barding)
MR     .....                    (no amulet)
Stlth  ..........               (no ring)
                                (no ring)

@: berserking (expiring), quick, not resistant to hostile enchantments,
extremely unstealthy
A: see invisible, deformed body, poison resistance, slowness 2, slow metabolism
1, spit poison 2, AC +1
a: Spit Poison, Berserk, Trog's Hand, Burn Spellbooks, Renounce Religion


You were on level 5 of the Dungeon.
You worshipped Trog.
Trog was pleased with you.
You were not hungry.

You visited 1 branch of the dungeon, and saw 5 of its levels.

You collected 19 gold pieces.

Inventory:

Hand Weapons
 a - a +0 hand axe (weapon)
Armour
 h - a +0 scale mail (worn)
 i - a +0 helmet (worn)
Scrolls
 d - a scroll of identify {unknown}
 e - 2 scrolls of enchant weapon {unknown}
 k - a scroll of amnesia {unknown}
 m - 2 scrolls of remove curse {unknown}
Potions
 f - a potion of curing {unknown}
 j - a potion of resistance {unknown}
 l - a potion of cancellation {unknown}
Comestibles
 b - 5 chunks of flesh
 c - a bread ration
 g - a slice of pizza


   Skills:
 - Level 3.0 Fighting
 * Level 4.5 Axes
 + Level 2.5 Armour
 - Level 1.5 Dodging


You had 3 spell levels left.
You didn't know any spells.

Dungeon Overview and Level Annotations

Branches:
Dungeon (5/15)             Temple (0/1) D:4

Altars:

Annotations:
D:3 TSO
D:5 Prince Ribbit


Innate Abilities, Weirdness & Mutations

You cannot wear boots.
Your serpentine skin is tough (AC +1).
You have supernaturally acute eyesight.
Armour fits poorly on your strangely shaped body.
Your system is resistant to poisons.
You cover ground very slowly.
You have a slow metabolism.
You can spit poison.


Message History

An adder comes into view.
You barely miss Prince Ribbit.
Prince Ribbit is moderately wounded.
Prince Ribbit hits you but does no damage.
Prince Ribbit hits you.
* * * LOW HITPOINT WARNING * * *
Unknown command.
You slice Prince Ribbit!!
Prince Ribbit is severely wounded.
Prince Ribbit barely misses you.
Unknown command.
You closely miss Prince Ribbit.
Prince Ribbit is severely wounded.
Prince Ribbit hits you but does no damage.
Unknown command.
You slash Prince Ribbit!
Prince Ribbit is almost dead.
Prince Ribbit catches a mosquito with his tongue.
Prince Ribbit hits you.
You die...

....####.#
##.......#
#...).<..#
....####.######
......##......#
...........##.#
.#.#####.#.##.####
.#.......#.......#
.#.......####.##@#
.#######.####.##F#
.#
###......##cS..#
##
#.....########F#
#.....# # #.....#
#.....# #.....#
#######


You could see Prince Ribbit, a centaur and an adder.

Vanquished Creatures
  A worker ant (D:4)
  3 adders
  An ooze (D:3)
  2 worms
  8 orcs
  A giant cockroach (D:3)
  3 hobgoblins
  3 bats (D:1)
  A giant newt (D:4)
  A goblin (D:3)
  2 kobolds
  A rat (D:3)
27 creatures vanquished.

Notes
Turn   | Place    | Note
--------------------------------------------------------------
     0 | D:1      | 4thArraOfDagon the Naga Berserker began the quest for the Orb.
     0 | D:1      | Reached XP level 1. HP: 21/21 MP: 1/1
   131 | D:2      | Reached XP level 2. HP: 27/28 MP: 2/2
   244 | D:3      | Reached XP level 3. HP: 34/34 MP: 3/3
   301 | D:3      | Reached skill level 4 in Axes
   355 | D:2      | Reached ** piety under Trog
   414 | D:4      | Reached XP level 4. HP: 42/42 MP: 4/4
   484 | D:4      | Found a staircase to the Ecumenical Temple.
   523 | D:5      | Entered Level 5 of the Dungeon
   557 | D:5      | Noticed Prince Ribbit
   562 | D:5      | Noticed a centaur
   570 | D:5      | Slain by Prince Ribbit

Vault maps used:
D:1:      minmay_arrival_arboretum_small
D:2:      first_bread, uniq_crazy_yiuf_cottage
D:3:      tso_metal_star
D:4:      temple_doors_e, minmay_misc_feat_encased, lemuel_blue_sif_altar
D:5:      lemuel_ratsnest, uniq_prince_ribbit1

Skill      XL: |  1  2  3 |
---------------+----------+-----
Armour         | 2 |  2.5
Axes           | 4 |  4.5
Fighting       | |  3.0
Dodging        | |  1.5

Action                   |  1- 3 |  4- 6 || total
-------------------------+-------+-------++-------
Melee: Hand axe          |    56 |    30 ||    86
Invok: Berserk           |     4 |     1 ||     5
 Abil: Spit Poison       |    10 |     2 ||    12
  Eat: Chunk             |     2 |     2 ||     4
